 Dungeon Crawl Stone Soup version 0.28.0-43-g3370ac3207 (webtiles) character file.

Game seed: 2487687299527040147

7215 pkoi the Zephyrmancer (level 10, -7/46 HPs)
             Began as a Spriggan Air Elementalist on Mar 6, 2022.
             Was an Initiate of Sif Muna.
             Mangled by Urug
             ... wielding a +4 demon trident
              (23 damage)
             ... on level 10 of the Dungeon.
             The game lasted 00:18:02 (16909 turns).

pkoi the Zephyrmancer (Spriggan Air Elementalist)  Turns: 16909, Time: 00:18:03

Health: -7/46      AC:  5    Str:  4    XL:     10   Next: 87%
Magic:  43/43      EV: 20    Int: 21    God:    Sif Muna [......]
Gold:   456        SH:  0    Dex: 16    Spells: 24/29 levels left

rFire   . . .      SeeInvis +   l - staff of air
rCold   . . .      Faith    .   (shield currently unavailable)
rNeg    . . .      Spirit   .   z - +2 robe {Archmagi}
rPois   .          Reflect  .   (helmet restricted)
rElec   +          Harm     .   d - +0 cloak
rCorr   .          Rampage  .   (gloves unavailable)
Will    +....      Archmagi +   (boots unavailable)
Stlth   ++++......              (no amulet)
HPRegen 0.15/turn               x - ring of magical power
MPRegen 0.28/turn               F - ring of magical power

@: very quick
A: very small, no large weapons, unfitting armour, see invisible, speed 3
a: Renounce Religion


You were on level 10 of the Dungeon.
You worshipped Sif Muna.
Sif Muna was noncommittal.
You visited 2 branches of the dungeon, and saw 11 of its levels.
You also visited: Sewer.

You collected 456 gold pieces.

Inventory:

Hand Weapons
 q - a +4 hand axe
 y - a +2 dagger of speed
Missiles
 j - 2 throwing nets
Armour
 a - a +1 robe
 d - a +0 cloak (worn)
 z - a +2 robe of the Archmagi (worn)
Magical Staves
 e - a staff of poison
 l - a staff of air (weapon)
 n - a staff of conjuration
Jewellery
 f - a ring of protection from cold
 i - an amulet of guardian spirit
 r - a +6 ring of intelligence
 x - a ring of magical power (left hand)
 F - a ring of magical power (right hand)
Wands
 k - a wand of acid (5)
 o - a wand of paralysis (2)
 t - a wand of digging (7)
 A - a wand of polymorph (24)
Scrolls
 b - a scroll of silence {unknown}
 c - 3 scrolls of fear
 h - a scroll of enchant armour
 m - 4 scrolls of blinking
 u - 8 scrolls of teleportation
 v - a scroll of magic mapping
 w - 3 scrolls of identify
 D - a scroll of fog
 E - a scroll of acquirement {unknown}
Potions
 g - 5 potions of curing
 p - a potion of cancellation
 s - a potion of heal wounds
 B - 2 potions of degeneration {unknown}
 C - a potion of resistance


   Skills:
 + Level 1.9 Fighting
 + Level 6.4 Dodging
 + Level 7.6 Stealth
 + Level 10.4 Spellcasting
 - Level 0.6 Conjurations
 * Level 11.9 Air Magic
 + Level 0.0 Invocations
 - Level 1.9 Evocations


You had 24 spell levels left.
You knew the following spells:

 Your Spells              Type           Power      Damage    Failure   Level
a - Shock                 Conj/Air       100%       1d9       1%          1
b - Airstrike             Air            47%        N/A       1%          4

Your spell library contained the following spells:

 Spells                   Type           Power      Damage    Failure   Level
 Static Discharge         Conj/Air       71%        N/A       1%          2
 Swiftness                Air            95%        N/A       1%          3
 Animate Skeleton         Necr           32%        N/A       6%          1
 Pain                     Necr           64%        1d7       6%          1
 Gell's Gravitas          Tloc           16%        N/A       19%         3
 Lesser Beckoning         Tloc           16%        N/A       19%         3
 Teleport Other           Tloc           16%        N/A       19%         3
 Vampiric Draining        Necr           16%        2d7       19%         3
 Leda's Liquefaction      Hex/Erth       8%         N/A       52%         4
 Lee's Rapid Deconstruct  Erth           8%         3d8*      86%         5
 Statue Form              Tmut/Erth      10%        N/A       100%        6


Dungeon Overview and Level Annotations

Branches:
Dungeon (10/15)            Temple (1/1) D:6            Lair (0/6) D:9
    Orc (0/2) D:9           Sewer (visited)

Altars:
Cheibriados
Dithmenos
Elyvilon
Fedhas
Gozag
Kikubaaqudgha
Makhleb
Nemelex Xobeh
Okawaru
Ru
Sif Muna
Trog
Vehumet
Wu Jian
Xom
Yredelemnul
Zin
The Shining One

Shops:
D:6 =   D:8 :

Annotations:
D:10 Urug


Innate Abilities, Weirdness & Mutations

You are very small and have problems with some larger weapons.
You are too small for most types of armour.
You have supernaturally acute eyesight. (SInv)
You cover ground extremely quickly. (Speed+++)


Message History

You feel sick.
You are too injured to fight recklessly!
You are too injured to fight recklessly!
You start resting.
You feel sick. x2
You are no longer poisoned.
You start resting.
HP restored.
(D) Dungeon (T) Temple (L) Lair (O) Orcish Mines
Where to? (Enter - D:9 @ (x,y), ? - help)
Items here: ( ))) †††.
Magic restored.
There is an open door here.
There is a shimmering blue altar of Sif Muna here.
You kneel at the altar of Sif Muna.
Sif Muna welcomes you!
Unknown command.
Press < or > to pray at altars.
Unknown command.
Press < or > to pray at altars.
(D) Dungeon (T) Temple (L) Lair (O) Orcish Mines
Where to? (Enter - D:9 @ (x,y), ? - help)
There is an open door here.
There is a stone staircase leading down here.
You climb downwards.
Found 3 scrolls of fog and a scroll of vulnerability.
Found an escape hatch in the ceiling.
There is a stone staircase leading up here.
There are monsters nearby!
Unknown command.
The helpless Urug fails to defend herself.
You hit Urug.
Urug is electrocuted!
Urug is lightly wounded.
Urug hits you with a +4 demon trident!!
Ouch! That really hurt!
* * * LOW HITPOINT WARNING * * *
The yak bellows!
You hear a bellow! x3
Unknown command.
Urug hits you with a +4 demon trident!!
Ouch! That really hurt!
You die...

#..# #.
.?.Y . #
#..#.#
Y## #..#.
.Y.Y...
#.#..##
#.o.?.#
#@..#
#........
##.......
..####.
.<# ..#
#.# .#


You could see Urug and 4 yaks.

Vanquished Creatures
  An unseen horror (D:8)
  Maggie (D:6)
  A troll (D:6)
  Grinder (D:5)
  2 hornets
  Prince Ribbit (D:8)
  A wraith (D:9)
  A wyvern (D:9)
  9 yaks (D:8)
  An acid dragon (D:9)
  2 wargs (D:9)
  3 swamp worms (D:7)
  3 water moccasins
  Duvessa (D:6)
  3 orc warriors
  2 ice beasts
  3 sky beasts
  2 ogres
  2 centaurs
  A necrophage (D:5)
  A phantom (D:3)
  3 kobold brigands
  A gnoll sergeant (D:9)
  4 bullfrogs
  2 scorpions (D:5)
  Dowan (D:6)
  4 wights (D:6)
  3 orc priests
  A hound (D:6)
  2 centaur skeletons
  A bullfrog skeleton (D:6)
  2 iguanas
  5 orc wizards
  2 hound skeletons
  9 gnolls
  10 adders
  A shadow imp (D:7)
  3 ufetubi
  8 worms
  21 orcs
  18 ball pythons
  9 endoplasms
  17 giant cockroaches
  6 goblins
  5 hobgoblins
  4 jackals (D:4)
  21 kobolds
  12 quokkas
  7 bats
  11 frilled lizards
  7 rats
242 creatures vanquished.

Vanquished Creatures (collateral kills)
  An ogre (D:5)
1 creature vanquished.

Vanquished Creatures (others)
  4 plants (D:7)
4 creatures vanquished.

Grand Total: 247 creatures vanquished

Notes
Turn   | Place    | Note
-------+----------+-------------------------------------------
     0 | D:1      | pkoi the Spriggan Air Elementalist began the quest for the
                  | Orb.
     0 | D:1      | Reached XP level 1. HP: 9/9 MP: 5/5
   235 | D:1      | Reached skill level 3 in Air Magic
   235 | D:1      | Reached XP level 2. HP: 13/13 MP: 2/6
   236 | D:1      | Found a faded altar of an unknown god.
  1175 | D:2      | Reached XP level 3. HP: 16/16 MP: 6/8
  3372 | D:3      | Reached XP level 4. HP: 21/21 MP: 0/9
  3910 | D:3      | Found an ancient bone altar of Kikubaaqudgha.
  4240 | D:3      | Reached skill level 1 in Evocations
  4364 | D:4      | Noticed a phantom
  4668 | D:3      | Killed a phantom
  4669 | D:3      | Reached skill level 1 in Fighting
  4669 | D:3      | Reached skill level 4 in Air Magic
  4669 | D:3      | Reached XP level 5. HP: 19/25 MP: 4/11
  4742 | D:3      | Learned a level 4 spell: Airstrike
  5476 | D:4      | Reached XP level 6. HP: 30/30 MP: 11/13
  5838 | D:5      | Entered Level 5 of the Dungeon
  5877 | D:5      | Reached skill level 5 in Air Magic
  6120 | D:5      | Reached skill level 5 in Spellcasting
  6120 | D:5      | Reached XP level 7. HP: 24/33 MP: 6/15
  6363 | D:5      | Reached skill level 6 in Air Magic
  6389 | D:5      | Found a glowing drain.
  6406 | Sewer    | Entered a sewer
  7501 | D:5      | Reached skill level 7 in Air Magic
  7696 | D:5      | Reached XP level 8. HP: 37/37 MP: 10/18
  8497 | D:6      | Noticed Grinder
  8517 | D:5      | Killed Grinder
  8518 | D:5      | Reached skill level 8 in Air Magic
  8837 | D:6      | Noticed a troll
  8840 | D:6      | Killed a troll
  8942 | D:6      | Found Kett's Jewellery Emporium.
  8998 | D:6      | Noticed Maggie
  9011 | D:6      | Killed Maggie
  9012 | D:6      | Reached skill level 9 in Air Magic
  9012 | D:6      | Reached XP level 9. HP: 25/41 MP: 1/21
 10758 | D:6      | Found a staircase to the Ecumenical Temple.
 10780 | Temple   | Entered the Ecumenical Temple
 11091 | D:6      | Noticed Duvessa
 11095 | D:6      | Killed Duvessa
 11210 | D:6      | Noticed Dowan
 11212 | D:6      | Killed Dowan
 11555 | D:7      | Reached skill level 10 in Air Magic
 13084 | D:8      | Reached XP level 10. HP: 45/45 MP: 11/24
 13387 | D:8      | Noticed Prince Ribbit
 13389 | D:8      | Killed Prince Ribbit
 13390 | D:8      | Reached skill level 11 in Air Magic
 13488 | D:8      | Reached skill level 5 in Stealth
 13764 | D:8      | Found Foloomih's Book Shoppe.
 13803 | D:8      | Reached skill level 5 in Dodging
 14776 | D:8      | Reached skill level 10 in Spellcasting
 15904 | D:9      | Found a staircase to the Lair.
 16011 | D:9      | Found a staircase to the Orcish Mines.
 16576 | D:9      | Found a shimmering blue altar of Sif Muna.
 16823 | D:9      | Became a worshipper of Sif Muna the Loreminder
 16907 | D:10     | Entered Level 10 of the Dungeon
 16907 | D:10     | Noticed Urug
 16909 | D:10     | Mangled by Urug

Illustrated notes

Levels and vault maps discovered:
D:1:      minmay_arrival_solitary_statue, layout_basic, basic_ecumenical_altar
D:2:      layout_loops_corners
D:3:      layout_rooms, mainiacjoe_overflow_boulevard, st_stairs_6,
          kennysheep_generic_room_4
D:4:      layout_basic, st_stairs_9, minmay_misc_feat_encased
D:5:      layout_loops_ring, gup_sewer_entry_bubbles, hangedman_decor_growths
D:6:      layout_basic, temple_statues, serial_shops, shop, uniq_blork_the_orc,
          uniq_grinder, uniq_maggie, uniq_duvessa
D:7:      layout_basic, worms_lemuel
D:8:      layout_cave_pools, serial_shops, shop, nicolae_benzene_ring,
          uniq_prince_ribbit1
D:9:      layout_basic, led_sif_pool, lair_entry_dummy, david_orc_1_choice
D:10:     layout_loops_ring, mainiacjoe_overflow_small_starburst,
          nicolae_uskayaw_dance_hall, grunt_temple_overflow_open,
          minmay_fractal_squares_gapless_5, uniq_josephine, uniq_urug
Temple:   regret_index_temple_sphere_string

Skill      XL: |  1  2  3  4  5  6  7  8  9 10 |
---------------+-------------------------------+-----
Dodging        | 3 4 6 |  6.4
Air Magic      | 3 4 5 7 9 10 11 | 11.9
Stealth        | 4 7 |  7.6
Spellcasting   | 3 4 5 6 7 9 10 | 10.4
Evocations     | 1 |  1.9
Fighting       | 1 |  1.9
Conjurations   | |  0.6

Action                   |  1- 3 |  4- 6 |  7- 9 | 10-12 || total
-------------------------+-------+-------+-------+-------++-------
Melee: Staff             |     4 |    16 |       |     1 ||    21
       Hand axe          |       |       |     5 |       ||     5
 Cast: Shock             |   132 |   140 |   126 |       ||   398
       Airstrike         |       |       |   100 |    85 ||   185
  Use: Scroll            |     4 |     4 |     5 |       ||    13
 Stab: Sleeping          |       |       |       |     1 ||     1
Armor: Robe              |     3 |    14 |     3 |     1 ||    21
Dodge: Dodged            |    25 |    74 |    51 |     3 ||   153
